 Dungeon Crawl Stone Soup version 0.22-b1-59-g0aedee7 (webtiles) character file.

6473 MTVSty1e the Cleaver (level 11, 0/64 HPs)
             Began as a Gargoyle Monk on Aug 9, 2018.
             Was a High Priest of Okawaru.
             Slain by a gargoyle
             ... wielding a +0 flail
              (8 damage)
             ... on level 10 of the Dungeon.
             The game lasted 00:18:15 (10218 turns).

MTVSty1e the Cleaver (Gargoyle Monk)               Turns: 10218, Time: 00:18:16

Health: 0/64       AC: 27    Str: 23    XL:     11   Next: 0%
Magic:  21/23      EV: 10    Int: 11    God:    Okawaru [*****.]
Gold:   371        SH:  5    Dex: 12    Spells: 10/10 levels left

rFire    . . .     SeeInvis .   g - +0 war axe
rCold    . . .     Gourm    .   j - +0 buckler
rNeg     + . .     Faith    .   E - +0 plate armour
rPois    ∞         Spirit   .   F - +0 helmet
rElec    +         Reflect  .   u - +0 cloak
rCorr    .         Harm     .   (no gloves)
MR       +....                  K - +1 pair of boots
Stlth    ..........             (no amulet)
HPRegen  0.20/turn              M - ring of magical power
MPRegen  0.18/turn              J - ring of protection from magic

@: mighty, heroism
A: negative energy resistance 1, electricity resistance, unbreathing,
petrification resistance, rot immunity, AC +8
a: Heroism, Finesse, Renounce Religion


You were on level 10 of the Dungeon.
You worshipped Okawaru.
Okawaru was extremely pleased with you.
You were not hungry.

You visited 2 branches of the dungeon, and saw 11 of its levels.

You collected 371 gold pieces.

Inventory:

Hand Weapons
 a - a +0 hand axe
 g - a +0 war axe (weapon)
 N - a +2 flail of protection
Armour
 j - a +0 buckler (worn)
 u - a +0 cloak (worn)
 E - a +0 plate armour (worn)
 F - a +0 helmet (worn)
 K - a +1 pair of boots (worn)
Jewellery
 t - a +3 ring of intelligence
 A - an uncursed amulet of the gourmand
 J - a ring of protection from magic (right hand)
 M - a ring of magical power (left hand)
Wands
 h - a wand of random effects (64)
 r - a wand of flame (53)
 x - a wand of scattershot (5)
 z - a wand of disintegration (9)
 B - a wand of acid (11)
Scrolls
 b - a scroll of amnesia {unknown}
 d - 5 scrolls of remove curse
 f - 4 scrolls of identify
 i - 2 scrolls of immolation {unknown}
 k - a scroll of random uselessness {unknown}
 l - 3 scrolls of enchant armour {unknown}
 m - a scroll of enchant weapon {unknown}
 q - a scroll of fog {unknown}
 w - a scroll of noise {unknown}
 y - 4 scrolls of teleportation {unknown}
 I - a scroll of holy word {unknown}
Potions
 e - a potion of might
 n - 3 potions of ambrosia
 o - 7 potions of curing
 p - 2 potions of flight
 s - 4 potions of brilliance
 C - a potion of lignification
 D - a potion of cancellation
 G - a potion of magic {unknown}
 H - a potion of resistance {unknown}
 L - 2 potions of agility {unknown}
 O - a potion of degeneration {unknown}
Comestibles
 c - 11 rations


   Skills:
 + Level 5.4(10.4) Fighting
 * Level 13.4(18.4) Axes
 + Level 4.0(9.0) Armour
 - Level 2.4(7.4) Dodging
 - Level 2.1(7.1) Stealth
 + Level 4.0 Invocations


You had 10 spell levels left.
You didn't know any spells.
Your spell library contained the following spells:

 Spells                   Type           Power        Failure   Level  Hunger
 Mephitic Cloud           Conj/Pois/Air  #.......     100%        3    ####...
 Venom Bolt               Conj/Pois      #.........   100%        5    ######.
 Olgreb's Toxic Radiance  Pois           #.......     100%        4    #####..
 Sting                    Conj/Pois      #...         99%         1    ##.....
 Poisonous Vapours        Pois/Air       #.....       100%        2    ###....


Dungeon Overview and Level Annotations

Branches:
Dungeon (10/15)            Temple (1/1) D:5
   Lair: D:8-11         Orc: D:9-12

Altars:
Ashenzari
Cheibriados
Dithmenos
Fedhas
Gozag
Hepliaklqana
Kikubaaqudgha
Nemelex Xobeh
Okawaru
Qazlal
Ru
Sif Muna
Trog
Uskayaw
Vehumet
Wu Jian
Xom
Yredelemnul
Zin
The Shining One

Shops:
D:7 *

Annotations:
D:6 Prince Ribbit


Innate Abilities, Weirdness & Mutations

You are resistant to torment.
Your stone body is resilient. (AC +8)
You are immune to poison.
You resist negative energy. (rN+)
You are resistant to electric shocks. (rElec)
You can survive without breathing.
You are immune to petrification.
You are immune to rotting.


Message History

You block the killer bee's attack.
The killer bee stings you but does no damage.
You hit the killer bee.
You kill the killer bee!
Okawaru accepts your kill.
You have reached level 11!
You gain the combat prowess of a mighty hero.
The gargoyle hurls a stone arrow at you.
The stone arrow hits you!
You hit the gargoyle but do no damage.
The gargoyle hurls a stone arrow at you.
The stone arrow hits you!
* * * LOW HITPOINT WARNING * * *
Your plate armour prevents you from hitting the gargoyle.
You feel very mighty all of a sudden.
The gargoyle hits you but does no damage.
You slice the gargoyle!!
The gargoyle is almost destroyed.
The gargoyle hits you with a flail!
You die...

#..#.......########
#...........>.>....
#..#.......#####.##
#..##......# #.
##...#.### .
##.##...# ##
#...###.# # #..#
#9###.### #.
#@....... #.
#..#####. #.†# #(†#
#..# #..# #...
..... .....


You could see a gargoyle.

Vanquished Creatures
  Pikel (D:4)
  A centaur skeleton (D:10)
  A queen bee (D:8)
  A hippogriff (D:10)
  Sigmund (D:2)
  A wraith (D:10)
  4 yaks (D:10)
  A wyvern (D:8)
  Menkaure (D:6)
  Duvessa (D:5)
  An ice beast (D:6)
  6 ogres
  3 phantoms
  5 centaurs
  2 bullfrogs
  Dowan (D:5)
  5 scorpions
  24 killer bees
  5 howler monkeys
  2 crimson imps
  A bullfrog zombie (D:6)
  2 quasits
  A centaur zombie (D:5)
  4 hounds
  3 orc priests
  2 jellies
  4 orc wizards
  An iguana (D:5)
  Natasha (thrice) (D:2)
  7 worker ants
  A hound zombie (D:8)
  A hound skeleton (D:4)
  Robin (D:2)
  8 gnolls
  9 adders
  A shadow imp (D:10)
  3 worms
  3 dart slugs
  3 leopard geckos
  19 orcs
  5 bats
  4 giant cockroaches
  17 goblins
  6 hobgoblins
  6 jackals
  6 kobolds
  2 quokkas
  4 ball pythons
  6 frilled lizards
  A jackal zombie (D:8)
  A quokka skeleton (D:5)
  8 rats
210 creatures vanquished.

Vanquished Creatures (others)
  An adder (D:4)
  A plant (D:6)
2 creatures vanquished.

Grand Total: 212 creatures vanquished

Notes
Turn   | Place    | Note
-------+----------+-------------------------------------------
     0 | D:1      | MTVSty1e the Gargoyle Monk began the quest for the Orb.
     0 | D:1      | Reached XP level 1. HP: 14/14 MP: 1/1
    32 | D:1      | Reached skill level 3 in Axes
    32 | D:1      | Reached XP level 2. HP: 5/19 MP: 2/2
   463 | D:1      | Reached XP level 3. HP: 23/23 MP: 3/3
   990 | D:2      | Reached skill level 4 in Axes
  1371 | D:2      | Noticed Natasha
  1394 | D:2      | Killed Natasha
  1394 | D:2      | Reached XP level 4. HP: 15/28 MP: 4/4
  1584 | D:2      | Noticed Sigmund
  1764 | D:2      | Killed Sigmund
  1764 | D:2      | Reached skill level 6 in Axes
  1764 | D:2      | Reached XP level 5. HP: 28/32 MP: 5/5
  1764 | D:2      | Reached XP level 6. HP: 32/37 MP: 6/6
  1818 | D:2      | Noticed Robin
  1874 | D:2      | Killed Robin
  1960 | D:2      | Found a hide-covered altar of Uskayaw.
  1998 | D:2      | Noticed Natasha
  2007 | D:2      | Killed Natasha
  2099 | D:2      | Noticed Natasha
  2118 | D:2      | Killed Natasha
  2502 | D:2      | Found a glowing golden altar of the Shining One.
  2633 | D:3      | Found a basalt altar of Yredelemnul.
  3002 | D:4      | Reached skill level 7 in Axes
  3002 | D:4      | Reached XP level 7. HP: 41/41 MP: 7/7
  3408 | D:4      | Reached skill level 8 in Axes
  3464 | D:4      | Noticed Pikel
  3483 | D:4      | Killed Pikel
  3483 | D:4      | Reached skill level 9 in Axes
  3483 | D:4      | Reached XP level 8. HP: 18/46 MP: 8/8
  3909 | D:5      | Entered Level 5 of the Dungeon
  3909 | D:5      | Found a staircase to the Ecumenical Temple.
  3914 | Temple   | Entered the Ecumenical Temple
  4047 | Temple   | Became a worshipper of Warmaster Okawaru
  4047 | Temple   | Reached * piety under Okawaru
  4047 | Temple   | Reached ** piety under Okawaru
  4173 | D:5      | Reached skill level 10 in Axes
  4306 | D:5      | Found a hazy altar of Hepliaklqana.
  4350 | D:5      | Noticed Duvessa
  4351 | D:5      | Noticed Dowan
  4366 | D:5      | Killed Duvessa
  4366 | D:5      | Reached XP level 9. HP: 27/51 MP: 9/9
  4377 | D:5      | Killed Dowan
  5345 | D:6      | Reached skill level 11 in Axes
  5361 | D:6      | Reached *** piety under Okawaru
  5782 | D:6      | Noticed Prince Ribbit
  5783 | D:6      | Noticed Menkaure
  5967 | D:5      | Found a shadowy altar of Dithmenos.
  6085 | D:6      | Killed Menkaure
  6358 | D:6      | Found a sacrificial altar of Ru.
  6547 | D:7      | Found Gozuph's General Store.
  6747 | D:7      | Found a stormy altar of Qazlal.
  7453 | D:8      | Reached skill level 12 in Axes
  7672 | D:8      | Reached XP level 10. HP: 22/56 MP: 8/10
  8002 | D:8      | Reached skill level 1 in Invocations
  8016 | D:8      | Reached skill level 1 in Armour
  8111 | D:8      | Reached **** piety under Okawaru
  8766 | D:8      | Found a glowing silver altar of Zin.
  9081 | D:9      | Found a sparkling altar of Nemelex Xobeh.
  9298 | D:9      | Found a shattered altar of Ashenzari.
  9703 | D:9      | Found an ornate altar of the Wu Jian Council.
  9703 | D:9      | Found a blossoming altar of Fedhas.
  9859 | D:10     | Entered Level 10 of the Dungeon
  9885 | D:10     | Reached skill level 13 in Axes
 10075 | D:10     | Reached ***** piety under Okawaru
 10075 | D:10     | Reached skill level 5 in Fighting
 10207 | D:10     | Noticed a gargoyle
 10213 | D:10     | Reached XP level 11. HP: 42/64 MP: 14/14
 10218 | D:10     | Slain by a gargoyle

Skill      XL: |  1  2  3  4  5  6  7  8  9 10 |
---------------+-------------------------------+-----
Axes           | 3 4 6 7 9 10 12 13 | 13.4
Invocations    | 4 |  4.0
Armour         | 4 |  4.0
Fighting       | 5 |  5.4
Dodging        | |  2.4
Stealth        | |  2.1

Action                   |  1- 3 |  4- 6 |  7- 9 | 10-12 || total
-------------------------+-------+-------+-------+-------++-------
Melee: Hand axe          |   113 |   179 |       |       ||   292
       War axe           |       |     3 |   409 |   363 ||   775
Invok: Heroism           |       |       |     3 |     3 ||     6
  Use: Scroll            |     1 |       |     9 |     1 ||    11
       Potion            |     1 |       |     1 |     4 ||     6
 Stab: Sleeping          |     8 |     1 |       |       ||     9
  Eat: Chunk             |     2 |     5 |     5 |     2 ||    14
       Ration            |       |       |     3 |     2 ||     5
Armor: Robe              |    33 |     3 |       |       ||    36
       Ring mail         |       |    48 |       |       ||    48
       Chain mail        |       |    22 |    92 |       ||   114
       Plate armour      |       |       |   168 |   358 ||   526
Dodge: Dodged            |    54 |    70 |   103 |    98 ||   325
Block: Buckler           |     1 |    19 |    41 |    57 ||   118
